Unix NetHack Version 5.0.0-0 post-release - last build May 10 2026 23:12:36 (d1fa5d53e341ca933230fdaa984d921c805b60aa,branch:main).

Game began 2026-05-11 02:30:26, ended 2026-05-11 02:34:43.

Gregony, neutral male human Barbarian

                ------------
                |.$......).|
                |........)>|
                |.^........|
                |........(.|
 --------       --|--%------
 |......|         #  ########
 |.?.f..|         #         ##
 |?...K.@@       ##          #
 --------#    ---|-          ##
         ###  |...|           ####        ---------- -
           #  |...|      --------.---#   #.<..........
           #  |...|      |........)..#####|...$......|
           ###-(..|      |....$.....|#    |..........|
              |...|      |...........     |..........|
              -----      ------------     ------------

Gregony the Pillager       St:18 Dx:18 Co:18 In:8 Wi:7 Ch:6  Neutral
Dlvl:2  $:0  HP:0(47) Pw:9(9) AC:10 Xp:4 T:408 

Latest messages:
 You kill the Kop Sergeant!
 You kill the Keystone Kop!
 You kill the Kop Sergeant!
 You see here a rubber hose.
 y - 4 cream pies.
 You kill the Keystone Kop!
 You hear bubbling water.
 A board beneath you squeaks a D flat loudly.
 You hear a door open.
 You see here a leash.
 You hear some noises in the distance.
 The kitten misses it.
 The kitten bites the goblin.
 The goblin is killed!
 You miss Skibbereen.
 The Keystone Kop throws a cream pie!
 The cream pie hits the Kop Sergeant.
 The Kop Sergeant is blinded by the pie.
 The kitten drops a cream pie.
 The kitten bites the Keystone Kop.
 The Keystone Kop wields a club!
 Skibbereen zaps an ebony wand!
 The wand misses you.
 The kitten misses the Keystone Kop.
 You miss Skibbereen.
 The Keystone Kop throws a cream pie!
 The cream pie misses the Kop Sergeant.
 The cream pie hits Skibbereen.
 Skibbereen is blinded by the pie.
 The kitten misses the Keystone Kop.
 Skibbereen drinks a murky potion!
 Skibbereen can see again.
 Skibbereen looks better.
 The kitten misses the Keystone Kop.
 Skibbereen zaps an ebony wand!
 The wand hits you!
 You smite Skibbereen!
 The Keystone Kop throws a cream pie!
 The cream pie hits Skibbereen.
 Skibbereen is blinded by the pie.
 The kitten misses the Keystone Kop.
 Skibbereen zaps a wand of striking!
 The wand hits you!
 You die...
 Skibbereen takes all your possessions.
 Do you want to see what you had when you died? [ynq] (y)
 Do you want to see your attributes? [ynq] (y)
 Do you want an account of creatures vanquished? [ynaq] (y)
 Do you want to see your conduct and achievements? [ynq] (y)
 Do you want to see the dungeon overview? [ynq] (y)

Inventory:
 Weapons  (')')
  b - a +0 axe (alternate weapon; not wielded)
  a - a corroded +2 two-handed sword (weapon in hands)
 Armor    ('[')
  c - an uncursed -3 ring mail (being worn)
 Comestibles  ('%')
  y - 4 uncursed cream pies
  d - an uncursed food ration
  e - an uncursed sprig of wolfsbane
  f - 2 uncursed tripe rations
 Spellbooks  ('+')
  i - an uncursed spellbook of healing

Gregony the Barbarian's attributes:

Background:
 You were a Pillager, a level 4 male human Barbarian.
 You were neutral, on a mission for Crom
 who was opposed by Mitra (lawful) and Set (chaotic).
 You were right-handed.
 You were in the Dungeons of Doom, on level 2.
 You entered the dungeon 408 turns ago.
 It was nighttime.
 You had 135 experience points, 25 more were needed to attain level 5.

Basics:
 You had 0 out of 47 hit points.
 You had all 9 energy points (spell power).
 Your armor class was 10.
 Your wallet was empty.
 Autopickup was off.

Final Characteristics:
 Your strength was 18 (limit:18/100).
 Your dexterity was 18 (limit:18).
 Your constitution was 18 (limit:18).
 Your intelligence was 8 (limit:18).
 Your wisdom was 7 (limit:18).
 Your charisma was 6 (limit:18).

Final Status:
 You weren't hungry.
 You were unencumbered.
 You were wielding a two-handed sword.
 You had basic skill with two-handed sword.

Final Attributes:
 You were fervently aligned.
 You were poison resistant.
 You saw invisible.
 You were warded.
 Your spell casting was impaired by metallic armor.
 You are dead.

Miscellaneous:
 You didn't encounter any bones levels.
 Total elapsed playing time was 4 minutes and 16 seconds.

Major events:
 Turn
    1: Gregony the neutral male human Barbarian entered the dungeon
  285: attained the rank of Pillager (level 3)
  326: stole 2050 zorkmids worth of merchandise from Skibbereen's second-hand bookstore
  408: killed by a wand

Spells:
 Name                 Level Category     Fail Retention
 healing                1   healing      100%  76%-100%

Skills:
 Fighting Skills
   bare handed combat [Basic]
   two weapon combat  [Unskilled]
   riding             [Unskilled]
 Weapon Skills
   dagger             [Unskilled]
   axe                [Basic]
   pick-axe           [Unskilled]
   short sword        [Unskilled]
   broadsword         [Unskilled]
   long sword         [Unskilled]
   two-handed sword   [Basic]
   saber              [Unskilled]
   club               [Unskilled]
   mace               [Unskilled]
   morning star       [Unskilled]
   flail              [Unskilled]
   hammer             [Unskilled]
   quarterstaff       [Unskilled]
   spear              [Unskilled]
   trident            [Unskilled]
   bow                [Unskilled]
 Spellcasting Skills
   attack spells      [Unskilled]
   escape spells      [Unskilled]

Voluntary challenges:
 Character rerolling was not enabled.
 You followed a strict vegan diet.
 You never genocided any monsters.
 You never polymorphed an object.
 You never changed form.
 You used no wishes.
Achievements:
 You entered a shop.
 You attained the rank of Pillager.

 The Dungeons of Doom: levels 1 to 3
    Level 1:
       Many altars.
    Level 2: <- You were here.
       A scroll shop.
       Final resting place for
          you, killed by a wand.
    Level 3:


Vanquished creatures:
  2 small mimics
  4 Kop Sergeants
 an acid blob
  5 Keystone Kops
  a jackal
  2 goblins
  5 sewer rats
  2 grid bugs
  a lichen
  2 kobold zombies
  a newt
26 creatures vanquished.

No species were genocided or became extinct.

Game over:
                       ----------
                      /          \
                     /    REST    \
                    /      IN      \
                   /     PEACE      \
                  /                  \
                  |     Gregony      |
                  |       0 Au       |
                  | killed by a wand |
                  |                  |
                  |                  |
                  |                  |
                  |       2026       |
                 *|     *  *  *      | *
        _________)/\\_//(\/(/\)/\//\/|_)_______

Goodbye Gregony the Barbarian...

You died in The Dungeons of Doom on dungeon level 2 with 778 points,
and 0 pieces of gold, after 408 moves.
You were level 4 with a maximum of 47 hit points when you died.

